 Dungeon Crawl Stone Soup version 0.16-a0-129-gbf5829b (webtiles) character file.

492 Ololoev the Magician (level 6, -2/28 HPs)
             Began as a Spriggan Enchanter on Aug 13, 2014.
             Was a Follower of Nemelex Xobeh.
             Killed from afar by an orc wizard (10 damage)
             ... with a magic dart
             ... on Level 5 of the Dungeon.
             The game lasted 00:21:42 (4932 turns).

Ololoev the Magician (Spriggan Enchanter)           Turns: 4932, Time: 00:21:43

HP  -2/28        AC  6     Str  4      XL: 6   Next: 91%
MP   1/23        EV 18     Int 17      God: Nemelex Xobeh [*.....]
Gold 261         SH  0     Dex 18      Spells:  3 memorised, 13 levels left

rFire  . . .     SeeInvis +     B - +2 dagger (venom)
rCold  + . .     Clarity  .     b - +1 robe
rNeg   . . .     rCorr    .     (shield restricted)
rPois  .         rRot     .     (helmet restricted)
rElec  .         Spirit   .     u - +2 cloak {MR+}
SustAb .         Warding  .     (gloves unavailable)
rMut   .         Stasis   .     (boots unavailable)
Gourm  .                        (no amulet)
MR     ++...                    (no ring)
                                m - ring of protection from cold

@: very quick, very resistant to hostile enchantments, fairly stealthy
A: unfitting armour, see invisible, herbivore 3, speed 3, slow metabolism 2
a: Draw One, Renounce Religion


You were on level 5 of the Dungeon.
You worshipped Nemelex Xobeh.
Nemelex Xobeh was aware of your devotion.
You were not hungry.

You visited 1 branch of the dungeon, and saw 5 of its levels.

You collected 261 gold pieces.

Inventory:

Hand weapons
 B - a +2 dagger of venom (weapon)
Armour
 b - a +1 robe (worn)
 u - a +2 cloak of magic resistance (worn)
Magical devices
 x - a wand of fire (4)
Comestibles
 w - a bread ration
Scrolls
 e - 4 scrolls of identify
 g - 2 scrolls of enchant armour {unknown}
 h - a scroll of magic mapping {unknown}
 i - 4 scrolls of fog {unknown}
 j - 3 scrolls of remove curse {unknown}
 k - 2 scrolls of immolation {unknown}
 l - 2 scrolls of enchant weapon {unknown}
 o - 2 scrolls of blinking {unknown}
 z - a scroll of noise {unknown}
 A - a scroll of teleportation {unknown}
Jewellery
 m - a ring of protection from cold (left hand)
Potions
 d - a potion of porridge
 f - 3 potions of heal wounds {unknown}
 n - a potion of brilliance
 p - 2 potions of confusion {unknown}
 q - 2 potions of lignification {unknown}
 r - a potion of restore abilities {unknown}
 s - a potion of curing {unknown}
 t - a potion of agility {unknown}
Books
 c - a book of Maledictions

   Spells                             Type                      Level
   *Corona                            Hexes                        1
   Sure Blade                         Hexes/Charms                 2
   *Ensorcelled Hibernation           Hexes/Ice                    2
   *Confuse                           Hexes                        3
   Dazzling Spray                     Conjuration/Hexes            3
   Enslavement                        Hexes                        4
 v - a book of Conjurations

   Spells                             Type                      Level
   Magic Dart                         Conjuration                  1
   Searing Ray                        Conjuration                  2
   Dazzling Spray                     Conjuration/Hexes            3
   Fulminant Prism                    Conjuration/Hexes            4
   Iskenderun's Mystic Blast          Conjuration                  4
   Iskenderun's Battlesphere          Conjuration/Charms           5
Miscellaneous
 a - a plain deck of war
 y - a plain deck of war {drawn: 8}


   Skills:
 - Level 1.1 Short Blades
 - Level 3.0 Dodging
 - Level 4.4 Stealth
 * Level 7.1 Spellcasting
 + Level 6.1 Hexes
 + Level 3.0 Evocations


You had 13 spell levels left.
You knew the following spells:

 Your Spells              Type           Power        Failure   Level  Hunger
a - Corona                Hex            ####...      1%          1    None
b - Ensorcelled Hibernat  Hex/Ice        ###...       6%          2    None
c - Confuse               Hex            ####....     3%          3    ##.....


Dungeon Overview and Level Annotations

Branches:
Dungeon (5/15)
 Temple: D:4-7

Altars:
Elyvilon
Nemelex Xobeh
Okawaru
Trog
Vehumet
Yredelemnul


Innate Abilities, Weirdness & Mutations

You are tiny and cannot use many weapons and most armour.
You have supernaturally acute eyesight.
You are a herbivore.
You cover ground extremely quickly.
You need consume almost no food.


Message History

The crimson imp blinks!
The orc wizard shouts!
Use which ability? (? or * to list) Draw from which deck? (? for menu, Esc to quit)
You draw a card...
It is the Blade.
Wield which item (- for none, * to show all)? (? for menu, Esc to quit)
You are already wielding that!
Your +2 dagger of draining starts dripping with poison.
The orc wizard gestures at you while chanting.
The magic dart hits you!
* * * LOW HITPOINT WARNING * * *
Read which item? (? for menu, Esc to quit)
As you read the scroll labeled ZACABO MOXUPT, it crumbles to dust.
It is a scroll of identify.
Identify which item? (\ to view known items) (? for menu, Esc to quit)
n - a potion of brilliance The orc wizard casts a spell at you.
The magic dart hits you!
You die...
Your body disappears without a glow.

#...####.#.######
#....# ##........
#....# #########
#.._.# # ##....# #
..######.....# #
.)..........##
..######5#### #
#@# ##### #.# #
.....>.
#.####.#########..
#)[.........# #..
#..###.####.# #..
....... # #..
....o..### #..
..#o##... .... #.
##### ##..


You could see an orc wizard and a crimson imp.

Vanquished Creatures
  2 ogres (D:4)
  Crazy Yiuf (D:2)
  Natasha (D:3)
  An orc wizard (D:5)
  2 worker ants (D:4)
  6 adders
  2 giant mites
  An inept item mimic (D:3)
  A white imp (D:5)
  2 worms
  3 giant geckos
  2 oozes
  16 orcs
  2 ball pythons
  A bat skeleton (D:4)
  7 giant cockroaches
  9 hobgoblins
  6 jackals
  2 quokkas (D:3)
  6 bats
  4 giant newts
  A giant newt skeleton (D:4)
  8 goblins
  10 kobolds
  15 rats
111 creatures vanquished.

Vanquished Creatures (others)
  A butterfly (D:4)
1 creature vanquished.

Grand Total: 112 creatures vanquished

Notes
Turn   | Place    | Note
--------------------------------------------------------------
     0 | D:1      | Ololoev, the Spriggan Enchanter, began the quest for the Orb.
     0 | D:1      | Reached XP level 1. HP: 9/9 MP: 4/4
   333 | D:1      | Reached XP level 2. HP: 13/13 MP: 6/8
   340 | D:1      | Learned a level 2 spell: Ensorcelled Hibernation
  1226 | D:2      | Reached XP level 3. HP: 13/16 MP: 2/11
  1823 | D:2      | Found a basalt altar of Yredelemnul.
  1823 | D:2      | Found a radiant altar of Vehumet.
  2025 | D:2      | Learned a level 3 spell: Confuse
  2274 | D:2      | Noticed Crazy Yiuf
  2281 | D:2      | Killed Crazy Yiuf
  2281 | D:2      | Reached XP level 4. HP: 21/21 MP: 12/16
  2393 | D:3      | Reached skill level 5 in Spellcasting
  2955 | D:3      | Reached skill level 5 in Hexes
  2960 | D:3      | Reached XP level 5. HP: 24/24 MP: 14/19
  3035 | D:3      | Found a sparkling altar of Nemelex Xobeh.
  3058 | D:3      | Became a worshipper of Nemelex Xobeh the Trickster
  3413 | D:3      | Noticed Natasha
  3420 | D:3      | Killed Natasha
  3626 | D:4      | Noticed an ogre
  3640 | D:4      | Killed an ogre
  3640 | D:4      | Reached skill level 6 in Spellcasting
  3640 | D:4      | Reached skill level 1 in Evocations
  3640 | D:4      | Reached XP level 6. HP: 28/28 MP: 17/22
  3684 | D:4      | Received a gift from Nemelex Xobeh
  3694 | D:4      | Found an iron altar of Okawaru.
  3979 | D:4      | Acquired Nemelex Xobeh's first power
  3980 | D:4      | Noticed an ogre
  4014 | D:4      | Killed an ogre
  4830 | D:5      | Entered Level 5 of the Dungeon
  4856 | D:5      | Reached skill level 7 in Spellcasting
  4857 | D:5      | Found a white marble altar of Elyvilon.
  4871 | D:5      | Found a bloodstained altar of Trog.
  4874 | D:5      | Received a gift from Nemelex Xobeh
  4932 | D:5      | Killed from afar by an orc wizard

Action                   |  1- 3 |  4- 6 || total
-------------------------+-------+-------++-------
Melee: Dagger            |   109 |   197 ||   306
 Cast: Corona            |     7 |       ||     7
       Ensorcelled Hiber |    24 |    58 ||    82
       Confuse           |       |     6 ||     6
Invok: Draw One          |       |     5 ||     5
Evoke: Wand              |       |     2 ||     2
       Deck              |       |     3 ||     3
  Use: Scroll            |       |     1 ||     1
 Stab: Sleeping          |    17 |    42 ||    59
       Distracted        |     2 |       ||     2
       Confused          |       |     3 ||     3
  Eat: Bread ration      |       |     1 ||     1
